 Dungeon Crawl Stone Soup version 0.30.0-5-g1a98f26d00 (webtiles) character file.

Game seed: 16073210929586240626

6468 Jackthecabe the Covert (level 11, -3/60 HPs)
             Began as a Vine Stalker Fire Elementalist on May 9, 2023.
             Was a Follower of Uskayaw.
             Slain by a wyvern (14 damage)
             ... on level 10 of the Dungeon.
             The game lasted 00:29:59 (10905 turns).

Jackthecabe the Covert (VSFE)                      Turns: 10905, Time: 00:30:00

Health: -3/60      AC:  4    Str: 12    XL:     11   Next: 0%
Magic:  0/26       EV: 12    Int: 15    God:    Uskayaw [*.....]
Gold:   280        SH:  0    Dex: 18    Spells: 12/15 levels left

rFire   + . .        F - +0 dagger (venom)
rCold   . . .        (no shield)
rNeg    . . .        L - +1 robe of the Maze {rF+ Will+}
rPois   .            (no helmet)
rElec   .            (no cloak)
rCorr   .            Q - +0 pair of gloves
SInv    +            (no boots)
Will    ++...        r - amulet of faith {!P}
Stlth   +++++        M - ring of magical power
HPRegen 1.10/turn    v - ring of see invisible
MPRegen 0.20/turn

%: guardian spirit, faith
@: no status effects
A: fangs 3, regeneration 1, magic shield, antimagic bite, no potion heal 2
a: Renounce Religion, Stomp


You were on level 10 of the Dungeon.
You worshipped Uskayaw.
Uskayaw was noncommittal.
You visited 2 branches of the dungeon, and saw 11 of its levels.
You also visited: Sewer.

You collected 550 gold pieces.
You spent 270 gold pieces at shops.


Innate Abilities, Weirdness & Mutations

You have razor-sharp teeth.
Your natural rate of healing is unusually fast.
When hurt, damage is shared between your health and your magic reserves.
Your bite disrupts and absorbs the magic of your enemies.
Potions cannot restore your health.


   Skills:
 - Level 8.0 Fighting
 - Level 6.0 Short Blades
 - Level 1.5 Dodging
 + Level 12.9 Stealth
 - Level 2.5 Spellcasting
 - Level 1.0 Conjurations
 - Level 3.0 Fire Magic
 * Level 6.7 Invocations


You had 12 spell levels left.
You knew the following spells:

 Your Spells              Type           Power      Damage    Failure   Level
f - Foxfire               Conj/Fire      28%        2x1d5     10%         1
X - Scorch                Fire           20%        2d5       10%         2

Your spell library contained the following spells:

 Spells                   Type           Power      Damage    Failure   Level
 Lesser Beckoning         Tloc           2%         N/A       32%         2
 Inner Flame              Hex/Fire       6%         N/A       34%         3
 Volatile Blastmotes      Fire/Tloc      12%        2d11      34%         3
 Call Canine Familiar     Summ           1%         N/A       54%         3
 Gell's Gravitas          Tloc           1%         N/A       54%         3
 Portal Projectile        Hex/Tloc       2%         N/A       54%         3
 Teleport Other           Tloc           1%         N/A       54%         3
 Flame Wave               Conj/Fire      7%         2d5       67%         4
 Leda's Liquefaction      Hex/Erth       0%         N/A       91%         4

Inventory:

Hand Weapons
 F - a +0 dagger of venom (weapon)
 P - a +5 scimitar
Missiles
 y - 19 poisoned darts
 K - 4 curare-tipped darts {=f}
Armour
 a - a +0 robe
 i - a +0 leather armour
 L - the +1 robe of the Maze (worn) {rF+ Will+}
   (You found it on level 7 of the Dungeon)

   rF:        It protects you from fire.
   Will:      It increases your willpower.
 Q - a +0 pair of gloves (worn)
Jewellery
 r - an amulet of faith (around neck) {!P}
 v - a ring of see invisible (right hand)
 M - a ring of magical power (left hand)
 S - a +6 ring of strength
Wands
 b - a wand of iceblast (4)
 w - a wand of acid (5)
 G - a wand of polymorph (11)
 I - a wand of charming (12)
Scrolls
 e - a scroll of noise
 f - 3 scrolls of amnesia
 g - a scroll of enchant armour
 h - 3 scrolls of enchant weapon {unknown}
 l - 4 scrolls of poison
 n - 2 scrolls of fear {unknown}
 p - 7 scrolls of teleportation {@r2}
 q - a scroll of fog
 u - a scroll of blinking
 D - 2 scrolls of immolation {unknown}
 E - a scroll of torment
 H - 2 scrolls of brand weapon
 N - a scroll of vulnerability {unknown}
 R - a scroll of magic mapping
Potions
 c - 3 potions of curing {@q1}
 d - a potion of berserk rage {!q}
 j - 2 potions of invisibility {unknown}
 k - 2 potions of lignification {unknown}
 m - 5 potions of degeneration
 o - 3 potions of heal wounds {unknown}
 s - 3 potions of attraction
 t - 3 potions of brilliance {unknown}
 x - a potion of mutation
 z - 5 potions of might
 A - 2 potions of haste {unknown}
 B - a potion of resistance {unknown}
 J - a potion of magic

Dungeon Overview and Level Annotations

Branches:
Dungeon (10/15)            Temple (1/1) D:5            Lair (0/5) D:10
  Sewer (visited)
    Orc: D:9-12

Altars:
Ashenzari
Cheibriados
Dithmenos
Elyvilon
Fedhas
Gozag
Hepliaklqana
Kikubaaqudgha
Makhleb
Nemelex Xobeh
Okawaru
Qazlal
Ru
Sif Muna
Trog
Uskayaw
Vehumet
Wu Jian
Xom
Yredelemnul
Zin
The Shining One

Shops:
D:6 : D:10

? ...▒
.'..▒▒.▒▒▒▒▒.....
▒...▒.▒ .....
▒...▒.▒ ..y.
▒...'.▒ ....
......▒.▒
▒▒▒▒..▒.▒ ▒. ▒.▒
......▒ '. ▒.▒
......▒ .▒ ▒@▒
......▒▒ .. ▒l▒
........
▒b▒▒▒▒▒........
▒...b.b........
▒.b..b...bP..PP.
▒.....b▒Ybbl....
.▒▒▒▒▒▒▒.l.bb..P.
.....b...PYP....
...b..b.bbYb.P..Y


You could see a wyvern (very poisoned, ally target).


Message History

Something gores your butterfly!!
Your butterfly dies!
Your butterfly disappears in a burst of colours!
Something closely misses your butterfly.
You hear an angry hiss.
The iguana closely misses your butterfly.
The yak closely misses your butterfly.
Something bites the plant.
The yak gores the plant!
Unknown command.
Something bites the plant! x3
The iguana closely misses your butterfly.
Something bites the plant.
The plant is poisoned.
Something poisons the plant!
Something gores the plant.
You hit the wyvern but do no damage. The wyvern barely misses you.
You hit the wyvern but do no damage. The wyvern misses you.
Unknown command.
You hit the wyvern but do no damage. You bite the wyvern, but do no damage.
The wyvern hisses menacingly.
The wyvern bites you!
* * * LOW HITPOINT WARNING * * *
Unknown command.
You closely miss the wyvern. Your bite misses the wyvern.
The wyvern barely misses you.
You hit the wyvern but do no damage.
The wyvern is poisoned.
Your bite misses the wyvern. The wyvern bites you!
* * * LOW HITPOINT WARNING * * *
Unknown command.
You closely miss the wyvern. You bite the wyvern, but do no damage.
The wyvern bites you!!
You die...

Skill      XL: |  1  2  3  4  5  6  7  8  9 10 |
---------------+-------------------------------+-----
Stealth        | 3 4 5 6 7 8 9 10 12 | 12.9
Short Blades   | 1 3 4 6 |  6.0
Fighting       | 3 5 7 8 |  8.0
Invocations    | 2 6 |  6.7
Dodging        | |  1.5
Spellcasting   | |  2.5
Conjurations   | |  1.0
Fire Magic     | |  3.0

Action                     |  1- 3 |  4- 6 |  7- 9 | 10-12 || total
---------------------------+-------+-------+-------+-------++-------
  Melee: Dagger            |    24 |    28 |   197 |   148 ||   397
         Punch             |     1 |       |     4 |       ||     5
         Bite              |     3 |    11 |    56 |    67 ||   137
  Throw: Dart              |       |       |       |     1 ||     1
   Cast: Foxfire           |    39 |    42 |   134 |       ||   215
         Scorch            |     4 |    20 |    75 |    22 ||   121
 Invoke: Line Pass         |       |       |     2 |       ||     2
    Use: Potion            |       |     1 |     2 |       ||     3
         Scroll            |       |       |     6 |     7 ||    13
   Stab: Sleeping          |       |     2 |    11 |    15 ||    28
         Paralysed         |       |       |    12 |     3 ||    15
 Armour: Leather armour    |     8 |     5 |    20 |       ||    33
         Robe              |       |       |    13 |    23 ||    36
  Dodge: Dodged            |    12 |    19 |    88 |    86 ||   205

Levels and vault maps discovered:
D:1:      dpeg_arrival_short_road, layout_loops_corners, minmay_heptomino_h4
D:2:      layout_basic, kennysheep_path_1
D:3:      cheibrodos_pilgrimage, layout_basic, general_overflow_altar,
          xom_confusion_cloud, chequers_serial_rivers_marsh, uniq_ijyb,
          uniq_natasha, uniq_jessica
D:4:      layout_loops_corners, mainiacjoe_overflow_chevrons
D:5:      layout_rooms, old_standard_altar, minmay_temple_entry_mini_moons,
          gup_sewer_entry_bubbles
D:6:      layout_loops_ring, nicolae_shop_i_like_big_books
D:7:      layout_rooms, lemuel_doored_altar, mainiacjoe_overflow_catch_the_wave,
          uniq_pikel
D:8:      layout_loops_corners, minmay_misc_feat_rugged, minmay_bent
D:9:      layout_loops_ring, minmay_puff
D:10:     layout_irregular_city, old_standard_altar, minmay_lair_entry_grove,
          david_orc_3, serial_shops, nicolae_shop_stone
Temple:   minmay_temple_curvy_branch

Notes
Turn   | Place    | Note
-------+----------+-------------------------------------------
     0 | D:1      | Jackthecabe the Vine Stalker Fire Elementalist began the
                  | quest for the Orb.
     0 | D:1      | Reached XP level 1. HP: 9/9 MP: 4/4
   402 | D:1      | Reached skill level 3 in Stealth
   402 | D:1      | Reached XP level 2. HP: 13/13 MP: 2/6
   729 | D:1      | Reached skill level 4 in Stealth
   756 | D:1      | Reached XP level 3. HP: 16/16 MP: 4/7
  1725 | D:2      | Learned a level 2 spell: Scorch
  1766 | D:2      | Reached skill level 5 in Stealth
  1788 | D:2      | Gained mutation: Your natural rate of healing is unusually
                  | fast. [Vine Stalker growth]
  1788 | D:2      | Reached XP level 4. HP: 21/21 MP: 8/8
  2362 | D:3      | Reached skill level 6 in Stealth
  2468 | D:3      | Noticed Ijyb
  2468 | D:3      | Noticed Natasha
  2489 | D:3      | Killed Natasha
  2490 | D:3      | Reached XP level 5. HP: 24/24 MP: 9/9
  2497 | D:3      | Noticed Jessica
  2504 | D:3      | Killed Jessica
  2534 | D:3      | Killed Ijyb
  2535 | D:3      | Reached skill level 7 in Stealth
  2613 | D:3      | You fall into a shaft and drop 2 floors!
  2613 | D:5      | Entered Level 5 of the Dungeon
  2641 | D:5      | Reached skill level 1 in Short Blades
  2641 | D:5      | Reached XP level 6. HP: 5/28 MP: 0/10
  2714 | D:5      | Reached skill level 2 in Short Blades
  2714 | D:5      | Reached skill level 8 in Stealth
  2729 | D:5      | Found a staircase to the Ecumenical Temple.
  2738 | Temple   | Entered the Ecumenical Temple
  3077 | Temple   | Became a worshipper of Uskayaw the Reveller
  3128 | D:5      | Reached * piety under Uskayaw
  3135 | D:5      | Reached ** piety under Uskayaw
  3136 | D:5      | Reached skill level 3 in Short Blades
  3136 | D:5      | Reached XP level 7. HP: 32/32 MP: 11/11
  3207 | D:5      | Found a glowing drain.
  3216 | Sewer    | Entered a sewer
  3891 | D:4      | Found a stormy altar of Qazlal.
  3972 | D:4      | Reached skill level 4 in Short Blades
  3972 | D:4      | Reached skill level 1 in Fighting
  4106 | D:3      | Noticed Natasha
  4113 | D:3      | Killed Natasha
  4114 | D:3      | Reached skill level 2 in Fighting
  4130 | D:3      | Noticed Natasha
  4133 | D:3      | Killed Natasha
  4318 | D:3      | Reached *** piety under Uskayaw
  4326 | D:3      | Reached **** piety under Uskayaw
  4521 | D:3      | Found a glowing golden altar of the Shining One.
  4533 | D:3      | Reached skill level 3 in Fighting
  4761 | D:3      | Found a shimmering altar of Xom.
  4931 | D:4      | Gained mutation: You have razor-sharp teeth. [Vine Stalker
                  | growth]
  4931 | D:4      | Reached XP level 8. HP: 42/42 MP: 12/12
  5569 | D:5      | Found a burning altar of Makhleb.
  5580 | D:5      | Reached skill level 4 in Fighting
  5927 | D:6      | Reached skill level 5 in Short Blades
  6345 | D:6      | Reached skill level 6 in Short Blades
  6701 | D:6      | Found Syth's Tremendous Tomes.
  7213 | D:7      | Noticed Pikel
  7224 | D:7      | Killed Pikel
  7225 | D:7      | Reached skill level 5 in Fighting
  7225 | D:7      | Reached skill level 9 in Stealth
  7225 | D:7      | Reached XP level 9. HP: 38/48 MP: 7/13
  7311 | D:7      | Found a sacrificial altar of Ru.
  7317 | D:7      | Identified the +1 robe of the Maze {rF+ Will+}
  7352 | D:7      | Reached skill level 6 in Fighting
  7413 | D:7      | Found a broken altar of Ashenzari.
  7673 | D:7      | Found a sparkling altar of Nemelex Xobeh.
  7843 | D:8      | Reached ***** piety under Uskayaw
  8221 | D:8      | Reached skill level 1 in Invocations
  8358 | D:8      | Reached skill level 7 in Fighting
  8358 | D:8      | Reached skill level 10 in Stealth
  8374 | D:8      | Reached skill level 2 in Invocations
  8658 | D:8      | Reached XP level 10. HP: 38/56 MP: 11/14
  8666 | D:8      | Reached skill level 3 in Invocations
  8680 | D:8      | Reached skill level 8 in Fighting
  8703 | D:8      | Reached skill level 11 in Stealth
  8847 | D:8      | Noticed a two-headed ogre
  8891 | D:8      | Killed a two-headed ogre
  8892 | D:8      | Reached skill level 4 in Invocations
  9640 | D:9      | Reached skill level 5 in Invocations
  9991 | D:9      | Reached skill level 12 in Stealth
 10484 | D:10     | Entered Level 10 of the Dungeon
 10536 | D:10     | Found a hazy altar of Hepliaklqana.
 10587 | D:10     | Reached skill level 6 in Invocations
 10712 | D:10     | Found Inuat's Magic Scroll Emporium.
 10720 | D:10     | Bought a scroll of brand weapon for 95 gold pieces
 10720 | D:10     | Bought a scroll of identify for 20 gold pieces
 10720 | D:10     | Bought a scroll of identify for 20 gold pieces
 10720 | D:10     | Bought a scroll of identify for 20 gold pieces
 10720 | D:10     | Bought a scroll of magic mapping for 75 gold pieces
 10720 | D:10     | Bought a scroll of poison for 40 gold pieces
 10877 | D:10     | Found a staircase to the Lair.
 10883 | D:10     | Reached XP level 11. HP: 60/60 MP: 17/17
 10905 | D:10     | Slain by a wyvern

Vanquished Creatures
  A two-headed ogre (D:8)
  Pikel (D:7)
  2 wyverns
  A wraith (D:10)
  6 yaks (D:8)
  A steam dragon (D:8)
  A warg (D:10)
  2 acid dragons (D:9)
  A water moccasin (D:6)
  2 black bears
  3 orc warriors
  2 sky beasts (D:8)
  2 ogres
  3 centaurs
  3 lemures (D:7)
  A phantom (D:3)
  3 kobold brigands
  7 bullfrogs
  4 scorpions
  7 wights
  4 killer bees (D:10)
  5 jellies
  3 hounds
  2 orc priests
  6 iguanas
  Jessica (D:3)
  7 orc wizards
  Ijyb (D:3)
  Natasha (thrice) (D:3)
  4 gnolls
  4 adders
  A river rat (D:5)
  A shadow imp (D:5)
  2 white imps
  3 ufetubi
  2 worms (D:5)
  2 dart slugs (D:4)
  33 orcs
  3 ball pythons
  4 endoplasms
  2 giant cockroaches
  8 goblins
  16 hobgoblins
  26 kobolds
  6 quokkas
  6 bats
  4 frilled lizards
  13 rats
225 creatures vanquished.

Vanquished Creatures (collateral kills)
  5 foxfires (Sewer)
5 creatures vanquished.

Vanquished Creatures (others)
  2 orcs (D:3)
  A hobgoblin (D:3)
  A rat (D:3)
  367 foxfires
371 creatures vanquished.

Grand Total: 601 creatures vanquished

Table legend: (Time is in decaauts)
 A = Elapsed time spent in this place.
 B = Non-inter-level travel time spent in this place.
 C = Inter-level travel time spent in this place.
 D = Time resting spent in this place.
 E = Time spent auto-exploring this place.
 F = Levels seen in this place.
 G = Mean time per level.
                   A        B        C        D        E       F      G
               +--------+--------+--------+--------+--------+-----+--------+
         Total |  10886 |  10432 |    454 |    767 |   7342 |  12 |  907.2 |
       Dungeon |  10017 |   9612 |    405 |    767 |   6631 |  10 | 1001.7 |
        Temple |    364 |    315 |     49 |      0 |    314 |   1 |  364.0 |
         Sewer |    504 |    504 |      0 |      0 |    396 |   1 |  504.0 |
               +--------+--------+--------+--------+--------+-----+--------+

Top non-repeatable levels by time:
     D:8: 1495 daAuts
     D:1: 1232 daAuts
     D:6: 1206 daAuts
     D:3: 1138 daAuts
     D:9: 1113 daAuts
     D:2: 1035 daAuts
     D:4: 951 daAuts
     D:7: 811 daAuts
     D:5: 616 daAuts
   Sewer: 504 daAuts
    D:10: 416 daAuts
  Temple: 364 daAuts

Table legend:
 A = Non-vault XP
 B = Vault XP
 C = Vault XP percentage of total XP
 D = Non-vault monster count
 E = Vault monster count
 F = Vault count percentage of total count
                 A         B        C        D         E       F
            +---------+---------+-------+---------+---------+-------
      Total |    6511 |    2729 |  29.5 |     149 |      73 |  32.9
            +---------+---------+-------+---------+---------+-------
        D:1 |      43 |       4 |   8.5 |      18 |       3 |  14.3
        D:2 |      86 |       0 |   0.0 |      14 |       0 |   0.0
        D:3 |     112 |     313 |  73.6 |      18 |      17 |  48.6
        D:4 |     200 |       0 |   0.0 |      15 |       0 |   0.0
        D:5 |     644 |      28 |   4.2 |      12 |       6 |  33.3
        D:6 |     698 |       0 |   0.0 |      17 |       0 |   0.0
        D:7 |     281 |     641 |  69.5 |      13 |       1 |   7.1
        D:8 |    3059 |     630 |  17.1 |      26 |       8 |  23.5
        D:9 |     716 |     627 |  46.7 |       9 |       6 |  40.0
       D:10 |     672 |     448 |  40.0 |       7 |       9 |  56.2
      Sewer |       0 |      38 | 100.0 |       0 |      23 | 100.0
            +---------+---------+-------+---------+---------+-------
